 Dungeon Crawl Stone Soup version 0.31.0-2-g5a2aebc5c2 (webtiles) character file.

Game seed: 3933633290648040058

311 Arctor the Shooter (level 6, -2/37 HPs)
             Began as a Kobold Hexslinger on Jan 21, 2024.
             Slain by an orc priest
             ... wielding a +0 trident
              (6 damage)
             ... on level 3 of the Dungeon.
             The game lasted 00:01:48 (2527 turns).

Arctor the Shooter (Kobold Hexslinger)              Turns: 2527, Time: 00:01:49

Health: -2/37      AC:  2    Str:  5    XL:     6   Next: 70%
Magic:  8/10       EV: 16    Int: 15    God:
Gold:   215        SH:  0    Dex: 19    Spells: 8/10 levels left

rFire   . . .        a - +1 sling (drain)
rCold   . . .        (no shield)
rNeg    . . .        c - +0 robe
rPois   .            (no helmet)
rElec   .            (no cloak)
rCorr   .            (no gloves)
SInv    .            (no boots)
Will    .....        (no amulet)
Stlth   +++          (no ring)
HPRegen 0.26/turn    (no ring)
MPRegen 0.12/turn

%: no passive effects
@: weak-willed
A: small, no large weapons, nightstalker 3
a: no special abilities


You were on level 3 of the Dungeon.
You visited 1 branch of the dungeon, and saw 3 of its levels.
You also visited: Sewer.

You collected 215 gold pieces.

Inventory:

Hand Weapons
 a - a +1 sling of draining (weapon)
 l - a +1 dagger of venom
Armour
 c - a +0 robe (worn)
Wands
 n - a wand of light (4)
Scrolls
 b - 2 scrolls of poison
 f - a scroll of identify
 h - a scroll of fog
 i - a scroll of fear {unknown}
 k - a scroll of revelation {unknown}
 m - a scroll of silence {unknown}
Potions
 d - a potion of heal wounds {unknown}
 e - a potion of haste {unknown}
 g - a potion of invisibility {unknown}
 j - a potion of enlightenment {unknown}


   Skills:
 + Level 3.0 Fighting
 + Level 4.4 Ranged Weapons
 + Level 4.0 Dodging
 + Level 2.7 Spellcasting
 + Level 4.1 Hexes
 - Level 1.5 Fire Magic


You had 8 spell levels left.
You knew the following spells:

 Your Spells              Type           Power      Damage    Failure   Level
a - Jinxbite              Hex            28%        N/A       6%          2

Your spell library contained the following spells:

 Spells                   Type           Power      Damage    Failure   Level
 Sigil of Binding         Hex            14%        N/A       12%         3
 Inner Flame              Hex/Fire       10%        N/A       19%         3
 Shock                    Conj/Air       8%         1d3       21%         1
 Cause Fear               Hex            7%         N/A       36%         4
 Swiftness                Air            2%         N/A       52%         3
 Dimensional Bullseye     Hex/Tloc       4%         N/A       65%         4
 Airstrike                Air            1%         2d(1-17)  90%         4


Dungeon Overview and Level Annotations

Branches:
Dungeon (3/15)              Sewer (visited)

Altars:

Annotations:
D:3 Natasha


Innate Abilities, Weirdness & Mutations

You are small and have problems with some larger weapons.
You are completely attuned to the shadows.


Message History

Casting: Jinxbite (safe; 6% risk of failure)
Confirm with . or Enter, or press ? or * to list all spells.
You beckon some vexing sprites to accompany your attacks.
You feel your willpower being sapped. The orc priest barely misses you.
You shoot a sling bullet. The sling bullet hits the orc priest.
You drain the orc priest.
The orc priest is heavily wounded.
A giggling sprite leaps out and smacks the orc priest with its own hand.
The orc priest is almost dead.
The orc priest calls down the wrath of Beogh upon you.
Beogh smites you!
A rat comes into view.
The orc priest completely misses you.
You shoot a sling bullet. The sling bullet hits the orc priest.
You kill the orc priest!
The orc priest misses you.
Your Dodging skill increases to level 4!
Your Hexes skill increases to level 4!
You shoot a sling bullet. The sling bullet hits the orc.
You drain the orc.
The orc is almost dead.
A giggling sprite leaps out and makes the orc trip over its own feet.
You kill the orc!
The orc priest looks encouraged for a moment.
An orc comes into view. It is wielding a +0 whip.
You shoot a sling bullet. The sling bullet hits the orc priest.
You kill the orc priest!
The orc priest completely misses you.
Your Fighting skill increases to level 3!
You shoot a sling bullet. The sling bullet hits the rat.
You kill the rat!
The orc priest hits you from afar with a +0 trident.
* * * LOW HITPOINT WARNING * * *
Unknown command.
The jinxing sprites lose interest in you.
The orc priest barely misses you. The orc hits you with a +0 whip.
* * * LOW HITPOINT WARNING * * *
There is an open door here.
Items here: ))))))) [[ †††.
The orc priest hits you from afar with a +0 trident.
You die...

......# ..)...#
..$...# ..
....oo# ... #)#
... #@# ...
#####'#### ...
#........# #+#
#........## #..
..........##....
#..
.....####..#.....
#.. .....#
##.#...... #.#
.....#
#.#.......#.#
.....#
#.........#.#


You could see an orc priest and an orc.

Vanquished Creatures
  A crocodile (Sewer)
  2 bombardier beetles (D:3)
  2 orc priests (D:3)
  Natasha (D:3)
  2 adders (D:2)
  A dart slug (D:1)
  2 ribbon worms
  6 orcs (D:3)
  3 endoplasms
  4 giant cockroaches
  4 goblins
  3 hobgoblins
  6 jackals
  2 ball pythons
  5 bats
  4 frilled lizards
  2 kobolds
  6 rats
56 creatures vanquished.

Notes
Turn   | Place    | Note
-------+----------+-------------------------------------------
     0 | D:1      | Arctor the Kobold Hexslinger began the quest for the Orb.
     0 | D:1      | Reached XP level 1. HP: 12/12 MP: 2/2
   455 | D:1      | Reached XP level 2. HP: 16/16 MP: 3/3
  1013 | D:2      | Reached XP level 3. HP: 18/20 MP: 5/5
  1262 | D:2      | Learned a level 2 spell: Jinxbite
  1882 | D:3      | Reached XP level 4. HP: 24/26 MP: 6/6
  2025 | D:3      | Found a glowing drain.
  2032 | Sewer    | Entered a sewer
  2114 | Sewer    | Noticed a crocodile
  2126 | Sewer    | Killed a crocodile
  2127 | Sewer    | Reached XP level 5. HP: 9/31 MP: 4/8
  2346 | D:3      | Reached XP level 6. HP: 36/36 MP: 9/9
  2368 | D:3      | Noticed Natasha
  2373 | D:3      | Killed Natasha
  2466 | D:3      | Noticed Natasha
  2527 | D:3      | Slain by an orc priest

Illustrated notes

Levels and vault maps discovered:
D:1:      amcnicky_arrival_underground_garden, layout_loops_ring, serial_forest,
          infiniplex_forest_lined_3_way, infiniplex_forest_straight_3,
          infiniplex_forest_clump_small, infiniplex_forest_clump_double,
          infiniplex_forest_zigzag_1
D:2:      layout_loops_cross
D:3:      layout_basic, portal_sewer_entry_e, uniq_natasha

Skill      XL: |  1  2  3  4  5  6 |
---------------+-------------------+-----
Ranged Weapons | 3 4 |  4.4
Dodging        | 3 4 |  4.0
Fighting       | 2 3 |  3.0
Spellcasting   | 2 |  2.7
Hexes          | 4 |  4.1
Fire Magic     | |  1.5

Action                     |  1- 3 |  4- 6 || total
---------------------------+-------+-------++-------
   Fire: Sling             |    85 |    87 ||   172
   Cast: Jinxbite          |       |     2 ||     2
    Use: Scroll            |     4 |       ||     4
 Armour: Robe              |    21 |    22 ||    43
  Dodge: Dodged            |    31 |    35 ||    66
